[ AOE2 MATCH · #485218748 ]
UnrankedMalians vs Khmer
[ REPLAY ANALYSIS · EXTRACTED FROM THE RECORDED GAME ]
Feudal
12:34
Castle
16:07
Imperial
—
| APM avg | 43.0 |
| APM peak | 66 |
| eAPM avg | 19.9 |
| Villagers / military | 75 / 16 |
Focus
⚔️ 24.8% · 🌾 75.2%
Fishing Ship ×12 · Gbeto ×8 · Camel Scout ×8 · Unknown (2626) ×3
Feudal
—
Castle
—
Imperial
—
| APM avg | 0.4 |
| APM peak | 9 |
| eAPM avg | 0.4 |
| Villagers / military | 0 / 0 |
Feudal
13:01
Castle
19:32
Imperial
—
| APM avg | 37.8 |
| APM peak | 61 |
| eAPM avg | 19.2 |
| Villagers / military | 72 / 3 |
Focus
⚔️ 20.9% · 🌾 79.1%
Fishing Ship ×11 · Fire Galley ×3 · Unknown (2626) ×3
Feudal
13:41
Castle
17:20
Imperial
—
| APM avg | 32.4 |
| APM peak | 84 |
| eAPM avg | 17.1 |
| Villagers / military | 89 / 32 |
Focus
⚔️ 23.9% · 🌾 76.1%
Mangudai ×32 · Fishing Ship ×5
Feudal
14:04
Castle
17:34
Imperial
—
| APM avg | 20.3 |
| APM peak | 39 |
| eAPM avg | 12.5 |
| Villagers / military | 36 / 2 |
Focus
⚔️ 32.5% · 🌾 67.5%
Fishing Ship ×8 · Scorpion ×2
Feudal
12:57
Castle
17:17
Imperial
—
| APM avg | 36.1 |
| APM peak | 73 |
| eAPM avg | 16.7 |
| Villagers / military | 85 / 14 |
Focus
⚔️ 18.8% · 🌾 81.2%
Conquistador ×14 · Fishing Ship ×13
Feudal
13:26
Castle
17:06
Imperial
—
| APM avg | 41.3 |
| APM peak | 72 |
| eAPM avg | 20.0 |
| Villagers / military | 126 / 40 |
Focus
⚔️ 40.2% · 🌾 59.8%
Cavalry Archer ×31 · Fishing Ship ×22 · Scout Cavalry ×8 · Unknown (2626) ×6 · Knight ×1
Feudal
13:06
Castle
17:39
Imperial
—
| APM avg | 45.5 |
| APM peak | 85 |
| eAPM avg | 27.4 |
| Villagers / military | 60 / 11 |
Focus
⚔️ 38.7% · 🌾 61.3%
Rattan Archer ×11 · Fishing Ship ×8
Match map
Initial resources + every placement click. Lines = walls · curves = elevation contours. ◆ gold · ⬟ stone · ● berries · ✦ relic · ◌ wall gap
Your base· Open — 3t gap
|Thepejezombie's base· Open — 7t gap
Sace's base· Open — 3t gap
Dakar1's base· Open — unwalled flank
MrLaoLiu's base· Open — 4t gap
Shadow_BR's base· Open — 7t gap
钢铁兽's base· Open — unwalled flank
Tuco Parmera's base· Open — 5t gap
Smoothed initial terrain · ◌ = detected wall gap · hover for details
Inputs per minute
— Fs.mano do age - - |Thepejezombie
Build order — Fs.mano do age
First 150 of 160 actions detected
| 0:05 | Build | Town Center |
| 0:37 | Build | Dock |
| 2:29 | Queue | Villager (Male) |
| 2:29 | Queue | Villager (Male) |
| 2:30 | Queue | Villager (Male) |
| 2:30 | Queue | Villager (Male) |
| 2:30 | Queue | Villager (Male) |
| 2:49 | Queue | Fishing Ship |
| 3:14 | Queue | Villager (Male) |
| 3:14 | Queue | Villager (Male) |
| 3:55 | Build | House |
| 4:22 | Queue | Fishing Ship |
| 4:32 | Queue | Villager (Male) |
| 4:33 | Queue | Villager (Male) |
| 4:52 | Research | Loom |
| 4:52 | Research | Loom |
| 4:57 | Queue | Fishing Ship |
| 5:21 | Queue | Villager (Male) |
| 5:21 | Queue | Villager (Male) |
| 5:38 | Queue | Villager (Male) |
| 5:39 | Queue | Villager (Male) |
| 5:49 | Queue | Fishing Ship |
| 5:55 | Build | House |
| 6:01 | Queue | Villager (Male) |
| 6:02 | Queue | Villager (Male) |
| 6:05 | Build | House |
| 6:19 | Queue | Villager (Male) |
| 6:29 | Queue | Fishing Ship |
| 6:55 | Queue | Villager (Male) |
| 6:56 | Queue | Villager (Male) |
| 6:56 | Queue | Villager (Male) |
| 6:57 | Queue | Villager (Male) |
| 7:06 | Queue | Fishing Ship |
| 7:31 | Queue | Villager (Male) |
| 7:31 | Queue | Villager (Male) |
| 7:38 | Queue | Fishing Ship |
| 7:41 | Build | House |
| 8:10 | Queue | Villager (Male) |
| 8:13 | Queue | Fishing Ship |
| 8:26 | Queue | Villager (Male) |
| 8:47 | Build | Mill |
| 8:53 | Queue | Villager (Male) |
| 9:07 | Queue | Fishing Ship |
| 9:09 | Queue | Villager (Male) |
| 9:39 | Build | Mining Camp |
| 9:54 | Queue | Villager (Male) |
| 9:57 | Build | House |
| 10:04 | Queue | Fishing Ship |
| 10:22 | Research | Feudal Age |
| 10:40 | Queue | Fishing Ship |
| 12:02 | Queue | Villager (Male) |
| 12:09 | Build | Mining Camp |
| 12:29 | Queue | Villager (Male) |
| 12:34 | Age | Feudal Age |
| 12:38 | Build | Market |
| 12:41 | Build | Blacksmith |
| 12:58 | Build | Lumber Camp |
| 13:23 | Queue | Unit 2626 |
| 13:27 | Research | Castle Age |
| 13:27 | Research | Castle Age |
| 13:45 | Research | Double-Bit Axe |
| 13:45 | Research | Double-Bit Axe |
| 13:56 | Queue | Villager (Male) |
| 14:24 | Queue | Unit 2626 |
| 14:24 | Queue | Unit 2626 |
| 14:57 | Queue | Villager (Male) |
| 15:18 | Build | House |
| 15:19 | Build | House |
| 15:36 | Research | Forging |
| 15:36 | Research | Forging |
| 16:07 | Age | Castle Age |
| 16:11 | Queue | Villager (Male) |
| 16:15 | Build | Castle |
| 16:39 | Queue | Villager (Male) |
| 16:57 | Build | Town Center |
| 17:21 | Queue | Gbeto |
| 17:21 | Queue | Gbeto |
| 17:21 | Queue | Gbeto |
| 17:22 | Queue | Gbeto |
| 17:28 | Queue | Villager (Male) |
| 18:32 | Queue | Villager (Male) |
| 18:44 | Queue | Villager (Male) |
| 18:44 | Queue | Villager (Male) |
| 19:08 | Queue | Villager (Male) |
| 19:08 | Queue | Villager (Male) |
| 19:37 | Queue | Villager (Male) |
| 19:38 | Queue | Villager (Male) |
| 19:56 | Build | Town Center |
| 20:02 | Queue | Gbeto |
| 20:08 | Queue | Villager (Male) |
| 20:19 | Build | Farm |
| 20:20 | Build | Farm |
| 20:20 | Build | Farm |
| 20:20 | Build | Farm |
| 20:20 | Build | Farm |
| 20:24 | Queue | Fishing Ship |
| 20:45 | Queue | Gbeto |
| 20:51 | Build | Farm |
| 20:51 | Build | Farm |
| 20:51 | Build | Farm |
| 20:52 | Build | Farm |
| 20:52 | Build | Farm |
| 20:55 | Queue | Gbeto |
| 20:59 | Build | Farm |
| 21:10 | Build | Fish Trap |
| 21:14 | Build | Fish Trap |
| 21:19 | Build | Fish Trap |
| 21:22 | Build | Fish Trap |
| 21:29 | Build | Fish Trap |
| 21:29 | Queue | Villager (Male) |
| 21:29 | Queue | Villager (Male) |
| 21:35 | Queue | Villager (Male) ×4 |
| 21:44 | Build | House |
| 21:48 | Build | Farm |
| 21:50 | Build | Farm |
| 21:51 | Build | Farm |
| 22:00 | Queue | Gbeto |
| 22:13 | Build | Fish Trap |
| 22:30 | Queue | Villager (Male) ×5 |
| 22:34 | Build | Barracks |
| 23:07 | Queue | Villager (Male) ×3 |
| 23:26 | Build | Barracks |
| 23:28 | Build | Stable |
| 23:38 | Queue | Villager (Male) |
| 23:47 | Build | Stable |
| 23:50 | Queue | Villager (Male) ×4 |
| 23:56 | Build | Farm |
| 23:57 | Build | Farm |
| 24:00 | Build | Farm |
| 24:01 | Build | Farm |
| 24:14 | Queue | Villager (Male) |
| 24:15 | Queue | Villager (Male) |
| 24:15 | Queue | Villager (Male) |
| 24:18 | Build | Farm |
| 24:22 | Build | Farm |
| 24:26 | Queue | Villager (Male) |
| 24:26 | Queue | Villager (Male) |
| 24:26 | Queue | Villager (Male) |
| 24:34 | Queue | Camel Scout |
| 24:57 | Queue | Villager (Male) |
| 25:04 | Research | Husbandry |
| 25:06 | Queue | Villager (Male) |
| 25:07 | Queue | Villager (Male) |
| 25:12 | Build | Farm |
| 25:15 | Build | Farm |
| 25:19 | Build | Farm |
| 25:40 | Build | Stable |
| 25:42 | Queue | Villager (Male) ×5 |
| 25:54 | Queue | Camel Scout ×3 |
| 26:13 | Research | Scale Barding Armor |
Build order — |Thepejezombie
0 actions detected in the replay
Build order — Sace
First 150 of 169 actions detected
| 0:10 | Build | Dock |
| 0:16 | Build | Town Center |
| 2:42 | Queue | Villager (Male) |
| 2:42 | Queue | Villager (Male) |
| 2:42 | Queue | Villager (Male) |
| 2:43 | Queue | Villager (Male) |
| 3:05 | Queue | Villager (Male) |
| 3:05 | Queue | Villager (Male) |
| 3:22 | Queue | Fishing Ship |
| 3:22 | Queue | Fishing Ship |
| 4:18 | Queue | Fishing Ship |
| 4:19 | Queue | Fishing Ship |
| 4:29 | Research | Loom |
| 4:29 | Research | Loom |
| 4:47 | Build | House |
| 4:49 | Queue | Villager (Male) |
| 4:49 | Queue | Villager (Male) |
| 5:17 | Queue | Fishing Ship |
| 5:48 | Queue | Fishing Ship |
| 6:08 | Queue | Villager (Male) |
| 6:22 | Build | House |
| 6:40 | Queue | Villager (Male) |
| 6:40 | Queue | Villager (Male) |
| 6:43 | Queue | Fishing Ship |
| 7:11 | Build | House |
| 7:18 | Queue | Villager (Male) |
| 7:26 | Queue | Fishing Ship |
| 7:36 | Queue | Villager (Male) |
| 7:36 | Queue | Villager (Male) |
| 7:38 | Queue | Villager (Male) |
| 8:03 | Queue | Fishing Ship |
| 8:15 | Queue | Villager (Male) |
| 8:56 | Queue | Villager (Male) |
| 9:10 | Queue | Villager (Male) |
| 9:21 | Queue | Villager (Male) |
| 9:38 | Build | Mining Camp |
| 10:04 | Build | House |
| 10:15 | Queue | Villager (Male) |
| 10:46 | Queue | Villager (Male) |
| 10:51 | Research | Feudal Age |
| 10:51 | Research | Feudal Age |
| 11:17 | Build | Lumber Camp |
| 12:27 | Build | Mill |
| 12:51 | Queue | Villager (Male) |
| 12:51 | Queue | Villager (Male) |
| 12:56 | Build | House |
| 13:01 | Age | Feudal Age |
| 13:03 | Queue | Fire Galley |
| 13:05 | Queue | Unit 2626 |
| 13:06 | Queue | Villager (Male) |
| 13:09 | Research | Double-Bit Axe |
| 13:09 | Research | Double-Bit Axe |
| 13:17 | Build | Market |
| 13:20 | Build | Blacksmith |
| 13:31 | Queue | Unit 2626 |
| 13:33 | Queue | Villager (Male) |
| 14:20 | Queue | Fire Galley |
| 14:23 | Queue | Unit 2626 |
| 14:25 | Queue | Villager (Male) |
| 14:25 | Queue | Villager (Male) |
| 14:30 | Build | House |
| 15:12 | Queue | Fire Galley |
| 15:37 | Queue | Villager (Male) |
| 15:37 | Queue | Villager (Male) |
| 15:46 | Research | Gold Mining |
| 15:48 | Research | Tech 906 |
| 16:10 | Queue | Villager (Male) |
| 16:37 | Queue | Villager (Male) |
| 16:48 | Research | Castle Age |
| 16:49 | Research | Castle Age |
| 17:19 | Queue | Villager (Male) |
| 17:20 | Queue | Villager (Male) |
| 17:43 | Build | Palisade Wall |
| 19:32 | Age | Castle Age |
| 19:37 | Research | Bow Saw |
| 19:37 | Research | Bow Saw |
| 19:40 | Build | Town Center |
| 19:49 | Queue | Fishing Ship |
| 19:50 | Queue | Fishing Ship |
| 20:04 | Queue | Villager (Male) |
| 20:21 | Research | Gillnets |
| 20:21 | Research | Gillnets |
| 20:25 | Queue | Villager (Male) |
| 20:32 | Build | Town Center |
| 20:36 | Queue | Villager (Male) |
| 20:37 | Queue | Villager (Male) |
| 20:37 | Queue | Villager (Male) |
| 20:40 | Research | Horse Collar |
| 20:40 | Research | Horse Collar |
| 20:44 | Build | Farm |
| 20:45 | Build | Farm |
| 20:46 | Build | Farm |
| 20:47 | Build | Farm |
| 20:51 | Queue | Villager (Male) |
| 21:11 | Queue | Villager (Male) |
| 21:15 | Build | Lumber Camp |
| 21:19 | Queue | Villager (Male) |
| 21:31 | Queue | Villager (Male) |
| 21:32 | Queue | Villager (Male) |
| 21:40 | Build | Farm |
| 21:40 | Build | Farm |
| 21:43 | Build | Farm |
| 21:45 | Queue | Villager (Male) |
| 21:52 | Build | Farm |
| 21:53 | Build | Farm |
| 21:54 | Queue | Villager (Male) |
| 22:11 | Build | Farm |
| 22:14 | Build | Farm |
| 22:18 | Build | House |
| 22:24 | Build | Palisade Wall |
| 22:28 | Queue | Villager (Male) |
| 22:32 | Build | House |
| 22:34 | Queue | Villager (Male) |
| 22:44 | Build | House |
| 22:46 | Queue | Villager (Male) |
| 22:46 | Queue | Villager (Male) |
| 22:58 | Build | Farm |
| 22:58 | Build | Farm |
| 23:00 | Build | Farm |
| 23:08 | Research | Wheelbarrow |
| 23:08 | Research | Wheelbarrow |
| 23:15 | Build | Farm |
| 23:32 | Research | Fletching |
| 23:32 | Research | Fletching |
| 23:38 | Build | Mining Camp |
| 23:59 | Build | Farm |
| 23:59 | Queue | Villager (Male) |
| 24:00 | Queue | Villager (Male) |
| 24:00 | Queue | Villager (Male) |
| 24:01 | Queue | Villager (Male) |
| 24:06 | Queue | Villager (Male) |
| 24:08 | Queue | Villager (Male) |
| 24:11 | Research | Stone Mining |
| 24:11 | Research | Stone Mining |
| 24:28 | Queue | Villager (Male) |
| 24:40 | Build | Fish Trap |
| 24:43 | Queue | Villager (Male) |
| 24:44 | Queue | Villager (Male) |
| 24:47 | Build | Farm |
| 24:48 | Build | Farm |
| 24:49 | Build | Farm |
| 24:56 | Queue | Villager (Male) |
| 24:57 | Queue | Villager (Male) |
| 25:13 | Queue | Villager (Male) |
| 25:13 | Queue | Villager (Male) |
| 25:17 | Build | House |
| 25:21 | Build | House |
| 25:22 | Build | House |
| 25:29 | Build | Stone Wall |
| 25:33 | Build | Stone Wall |
Build order — Dakar1
First 150 of 180 actions detected
| 0:42 | Build | Town Center |
| 1:23 | Build | Dock |
| 1:28 | Build | House |
| 2:50 | Build | Palisade Wall |
| 2:51 | Build | Palisade Wall |
| 3:00 | Build | Palisade Wall |
| 3:02 | Build | Palisade Wall |
| 3:11 | Queue | Villager (Male) |
| 3:11 | Queue | Villager (Male) |
| 3:11 | Queue | Villager (Male) |
| 3:12 | Queue | Villager (Male) |
| 3:12 | Queue | Villager (Male) |
| 3:12 | Queue | Villager (Male) |
| 3:12 | Queue | Villager (Male) |
| 4:22 | Queue | Fishing Ship |
| 4:39 | Research | Loom |
| 5:10 | Queue | Fishing Ship |
| 5:33 | Queue | Villager (Male) |
| 5:33 | Queue | Villager (Male) |
| 5:34 | Queue | Villager (Male) |
| 5:38 | Build | House |
| 5:47 | Queue | Villager (Male) |
| 5:47 | Queue | Villager (Male) |
| 5:47 | Queue | Villager (Male) |
| 6:26 | Queue | Villager (Male) |
| 6:26 | Queue | Villager (Male) |
| 6:29 | Queue | Fishing Ship |
| 6:33 | Queue | Villager (Male) |
| 6:33 | Queue | Villager (Male) |
| 6:53 | Build | House |
| 7:07 | Queue | Villager (Male) |
| 7:07 | Queue | Villager (Male) |
| 7:08 | Queue | Villager (Male) |
| 7:16 | Queue | Fishing Ship |
| 7:22 | Queue | Villager (Male) |
| 7:22 | Queue | Villager (Male) |
| 7:23 | Queue | Villager (Male) |
| 7:40 | Queue | Villager (Male) |
| 7:40 | Queue | Villager (Male) |
| 7:40 | Queue | Villager (Male) |
| 7:59 | Queue | Villager (Male) |
| 7:59 | Queue | Villager (Male) |
| 8:08 | Queue | Fishing Ship |
| 8:19 | Build | House |
| 8:48 | Queue | Villager (Male) |
| 9:31 | Build | Mill |
| 9:33 | Queue | Villager (Male) |
| 10:03 | Queue | Villager (Male) |
| 10:05 | Queue | Villager (Male) |
| 10:13 | Build | House |
| 10:16 | Build | Palisade Wall |
| 10:46 | Queue | Villager (Male) |
| 11:04 | Research | Feudal Age |
| 12:45 | Queue | Villager (Male) |
| 12:45 | Queue | Villager (Male) |
| 13:41 | Age | Feudal Age |
| 13:49 | Build | Market |
| 13:52 | Build | Blacksmith |
| 14:40 | Research | Castle Age |
| 14:57 | Build | Lumber Camp |
| 16:09 | Queue | Villager (Male) |
| 16:47 | Queue | Villager (Male) |
| 17:20 | Age | Castle Age |
| 17:22 | Build | Mill |
| 17:26 | Build | Castle |
| 17:32 | Build | Town Center |
| 17:35 | Queue | Villager (Male) |
| 17:37 | Research | Double-Bit Axe |
| 17:52 | Research | Fletching |
| 17:55 | Queue | Villager (Male) |
| 18:21 | Queue | Villager (Male) |
| 18:25 | Build | House |
| 18:26 | Build | House |
| 18:35 | Research | Bodkin Arrow |
| 18:45 | Queue | Villager (Male) |
| 18:56 | Queue | Mangudai |
| 18:56 | Queue | Mangudai |
| 19:19 | Queue | Villager (Male) |
| 19:24 | Queue | Mangudai |
| 19:54 | Queue | Mangudai |
| 19:57 | Queue | Villager (Male) |
| 20:06 | Build | Farm |
| 20:07 | Queue | Villager (Male) |
| 20:07 | Queue | Villager (Male) |
| 20:33 | Build | Farm |
| 20:36 | Build | Farm |
| 20:37 | Build | Farm |
| 20:42 | Build | Farm |
| 20:44 | Build | Farm |
| 20:46 | Queue | Villager (Male) |
| 20:46 | Queue | Villager (Male) |
| 20:46 | Queue | Villager (Male) |
| 20:47 | Queue | Villager (Male) |
| 21:03 | Build | Farm |
| 21:05 | Build | Farm |
| 21:09 | Queue | Villager (Male) |
| 21:10 | Queue | Villager (Male) |
| 21:10 | Queue | Villager (Male) |
| 21:17 | Queue | Mangudai |
| 21:17 | Queue | Mangudai |
| 21:17 | Queue | Mangudai |
| 21:41 | Queue | Villager (Male) |
| 21:41 | Queue | Villager (Male) |
| 21:42 | Queue | Villager (Male) |
| 21:42 | Queue | Villager (Male) |
| 21:52 | Queue | Mangudai |
| 21:53 | Queue | Mangudai |
| 21:58 | Queue | Villager (Male) |
| 21:58 | Queue | Villager (Male) |
| 21:58 | Queue | Villager (Male) |
| 22:06 | Queue | Villager (Male) |
| 22:07 | Queue | Villager (Male) |
| 22:07 | Queue | Villager (Male) |
| 22:08 | Queue | Mangudai |
| 22:08 | Queue | Mangudai |
| 22:08 | Queue | Mangudai |
| 22:09 | Queue | Mangudai |
| 22:28 | Queue | Villager (Male) |
| 22:29 | Queue | Villager (Male) |
| 22:29 | Queue | Mangudai |
| 22:30 | Queue | Mangudai |
| 22:30 | Queue | Mangudai |
| 22:33 | Queue | Villager (Male) |
| 22:47 | Queue | Villager (Male) |
| 22:52 | Queue | Mangudai |
| 22:53 | Queue | Mangudai |
| 22:53 | Queue | Mangudai |
| 22:54 | Build | Farm |
| 22:55 | Build | Farm |
| 22:55 | Build | Farm |
| 22:55 | Build | Farm |
| 22:56 | Build | Farm |
| 23:06 | Build | Farm |
| 23:29 | Queue | Villager (Male) |
| 23:29 | Queue | Villager (Male) |
| 23:29 | Queue | Villager (Male) |
| 23:29 | Queue | Villager (Male) |
| 23:30 | Queue | Villager (Male) |
| 23:40 | Queue | Villager (Male) |
| 23:40 | Queue | Villager (Male) |
| 23:41 | Queue | Villager (Male) |
| 23:42 | Queue | Mangudai |
| 23:42 | Queue | Mangudai |
| 23:43 | Queue | Mangudai |
| 23:45 | Queue | Villager (Male) |
| 23:46 | Queue | Villager (Male) |
| 23:53 | Queue | Mangudai |
| 23:53 | Queue | Mangudai |
| 23:53 | Queue | Mangudai |
| 24:10 | Build | Town Center |
Build order — MrLaoLiu
94 actions detected in the replay
| 0:36 | Build | Town Center |
| 1:22 | Build | Dock |
| 2:54 | Queue | Villager (Male) |
| 2:55 | Queue | Villager (Male) |
| 2:55 | Queue | Villager (Male) |
| 2:56 | Queue | Villager (Male) |
| 2:56 | Queue | Villager (Male) |
| 3:16 | Build | House |
| 4:23 | Queue | Fishing Ship |
| 4:31 | Queue | Villager (Male) |
| 4:31 | Queue | Villager (Male) |
| 4:56 | Queue | Villager (Male) |
| 5:02 | Build | House |
| 5:35 | Queue | Villager (Male) |
| 5:38 | Research | Loom |
| 6:05 | Queue | Fishing Ship |
| 6:05 | Queue | Fishing Ship |
| 6:21 | Queue | Villager (Male) |
| 6:22 | Queue | Villager (Male) |
| 6:22 | Queue | Villager (Male) |
| 6:39 | Build | House |
| 6:54 | Build | House |
| 7:06 | Queue | Villager (Male) |
| 7:22 | Queue | Villager (Male) |
| 7:46 | Queue | Fishing Ship |
| 7:59 | Queue | Villager (Male) |
| 7:59 | Queue | Villager (Male) |
| 8:18 | Queue | Fishing Ship |
| 8:23 | Queue | Villager (Male) |
| 8:29 | Build | Palisade Wall |
| 8:42 | Build | House |
| 8:45 | Build | House |
| 8:47 | Build | Palisade Wall |
| 8:49 | Build | Palisade Wall |
| 8:55 | Queue | Villager (Male) |
| 9:36 | Queue | Fishing Ship |
| 9:44 | Queue | Fishing Ship |
| 10:05 | Queue | Villager (Male) |
| 10:36 | Build | Palisade Gate |
| 10:38 | Build | House |
| 10:39 | Queue | Villager (Male) |
| 10:55 | Build | Mill |
| 11:00 | Queue | Villager (Male) |
| 11:26 | Queue | Villager (Male) |
| 11:27 | Research | Feudal Age |
| 12:07 | Queue | Fishing Ship |
| 12:50 | Queue | Villager (Male) |
| 12:51 | Queue | Villager (Male) |
| 14:04 | Age | Feudal Age |
| 14:05 | Build | Market |
| 14:07 | Build | Blacksmith |
| 14:38 | Build | Mining Camp |
| 14:51 | Research | Castle Age |
| 15:20 | Queue | Villager (Male) |
| 15:32 | Research | Stone Mining |
| 16:00 | Build | House |
| 16:03 | Build | Outpost |
| 16:45 | Build | Palisade Wall |
| 16:47 | Build | Palisade Wall |
| 16:50 | Build | Palisade Wall |
| 16:57 | Build | Palisade Wall |
| 17:09 | Build | Palisade Gate |
| 17:15 | Build | Palisade Wall |
| 17:19 | Build | Palisade Wall |
| 17:34 | Age | Castle Age |
| 17:43 | Queue | Villager (Male) |
| 17:55 | Build | Farm |
| 18:06 | Queue | Villager (Male) |
| 18:22 | Build | Castle |
| 18:28 | Build | Outpost |
| 18:33 | Queue | Villager (Male) |
| 18:35 | Queue | Villager (Male) |
| 18:40 | Build | Farm |
| 18:42 | Build | Farm |
| 19:22 | Build | Lumber Camp |
| 19:48 | Queue | Villager (Male) |
| 19:49 | Queue | Villager (Male) |
| 20:44 | Queue | Villager (Male) |
| 20:46 | Queue | Villager (Male) |
| 20:48 | Queue | Villager (Male) |
| 21:02 | Build | Town Center |
| 21:14 | Build | Farm |
| 21:53 | Build | Farm |
| 21:55 | Build | Farm |
| 22:29 | Research | Fletching |
| 23:15 | Build | Siege Workshop |
| 24:08 | Build | Farm |
| 24:10 | Build | Farm |
| 24:20 | Build | Watch Tower |
| 25:22 | Queue | Villager (Male) |
| 25:34 | Queue | Scorpion |
| 25:35 | Queue | Scorpion |
| 26:06 | Build | Watch Tower |
| 26:17 | Queue | Villager (Male) |
Build order — Shadow_BR
First 150 of 179 actions detected
| 0:14 | Build | Dock |
| 1:05 | Build | Town Center |
| 3:17 | Queue | Villager (Male) |
| 3:17 | Queue | Villager (Male) |
| 3:17 | Queue | Villager (Male) |
| 3:18 | Queue | Villager (Male) |
| 3:18 | Queue | Villager (Male) |
| 3:18 | Queue | Villager (Male) |
| 3:53 | Queue | Fishing Ship |
| 3:53 | Queue | Fishing Ship |
| 4:40 | Build | House |
| 5:09 | Queue | Villager (Male) |
| 5:09 | Queue | Villager (Male) |
| 5:29 | Queue | Fishing Ship |
| 5:41 | Research | Loom |
| 5:47 | Queue | Villager (Male) |
| 5:47 | Queue | Villager (Male) |
| 6:11 | Queue | Villager (Male) |
| 6:16 | Build | House |
| 6:27 | Queue | Fishing Ship |
| 6:38 | Queue | Villager (Male) |
| 6:38 | Queue | Villager (Male) |
| 6:38 | Queue | Villager (Male) |
| 6:57 | Queue | Villager (Male) |
| 6:57 | Queue | Villager (Male) |
| 7:01 | Queue | Fishing Ship |
| 7:20 | Build | House |
| 7:34 | Queue | Villager (Male) |
| 7:47 | Queue | Fishing Ship |
| 7:57 | Build | House |
| 8:02 | Queue | Villager (Male) |
| 8:03 | Queue | Villager (Male) |
| 8:03 | Queue | Villager (Male) |
| 8:21 | Queue | Fishing Ship |
| 8:31 | Queue | Villager (Male) |
| 8:31 | Queue | Villager (Male) |
| 8:42 | Build | Palisade Wall |
| 9:06 | Queue | Villager (Male) |
| 9:23 | Build | House |
| 9:25 | Queue | Villager (Male) |
| 9:26 | Queue | Fishing Ship |
| 9:58 | Build | Mill |
| 10:15 | Research | Loom |
| 10:23 | Build | House |
| 10:36 | Queue | Fishing Ship |
| 10:47 | Research | Feudal Age |
| 10:47 | Research | Feudal Age |
| 10:53 | Build | House |
| 11:28 | Build | Mining Camp |
| 11:56 | Queue | Villager (Male) |
| 11:56 | Queue | Villager (Male) |
| 12:57 | Age | Feudal Age |
| 13:02 | Build | Market |
| 13:31 | Build | House |
| 13:40 | Queue | Villager (Male) |
| 13:58 | Queue | Villager (Male) |
| 14:08 | Build | Blacksmith |
| 14:35 | Research | Castle Age |
| 14:35 | Research | Castle Age |
| 14:42 | Build | Stone Wall |
| 14:48 | Build | Mining Camp |
| 15:05 | Build | Stone Wall |
| 15:31 | Build | Stone Wall |
| 15:34 | Build | Gate |
| 16:18 | Build | Dock |
| 16:52 | Build | Lumber Camp |
| 16:56 | Queue | Villager (Male) |
| 16:57 | Queue | Villager (Male) |
| 17:17 | Age | Castle Age |
| 17:17 | Build | House |
| 17:19 | Queue | Villager (Male) |
| 17:19 | Queue | Villager (Male) |
| 17:34 | Research | Double-Bit Axe |
| 17:34 | Research | Double-Bit Axe |
| 18:01 | Queue | Villager (Male) |
| 18:39 | Build | Castle |
| 18:41 | Research | Bow Saw |
| 18:42 | Queue | Villager (Male) |
| 18:44 | Queue | Villager (Male) |
| 19:21 | Queue | Villager (Male) |
| 19:41 | Build | Town Center |
| 19:47 | Research | Tech 906 |
| 19:54 | Queue | Conquistador ×5 |
| 19:54 | Queue | Conquistador ×5 |
| 20:05 | Queue | Villager (Male) |
| 20:24 | Queue | Villager (Male) |
| 20:46 | Queue | Villager (Male) |
| 20:46 | Queue | Villager (Male) |
| 20:50 | Queue | Fishing Ship |
| 20:51 | Queue | Fishing Ship |
| 20:52 | Queue | Fishing Ship |
| 20:56 | Queue | Villager (Male) |
| 21:24 | Queue | Villager (Male) |
| 21:27 | Queue | Villager (Male) |
| 21:29 | Queue | Villager (Male) |
| 21:32 | Build | Town Center |
| 21:36 | Queue | Conquistador |
| 21:36 | Queue | Villager (Male) |
| 21:37 | Queue | Villager (Male) |
| 21:44 | Queue | Villager (Male) |
| 21:47 | Build | Farm |
| 22:12 | Queue | Villager (Male) |
| 22:15 | Build | Farm |
| 22:16 | Build | Farm |
| 22:17 | Build | Farm |
| 22:19 | Build | Farm |
| 22:20 | Build | Farm |
| 22:21 | Build | Farm |
| 22:23 | Queue | Villager (Male) |
| 22:23 | Queue | Villager (Male) |
| 22:23 | Queue | Villager (Male) |
| 22:33 | Queue | Villager (Male) |
| 22:41 | Build | Dock |
| 22:51 | Queue | Villager (Male) |
| 22:52 | Queue | Villager (Male) |
| 22:53 | Build | Farm |
| 23:00 | Research | Horse Collar |
| 23:00 | Research | Horse Collar |
| 23:08 | Queue | Villager (Male) |
| 23:14 | Queue | Fishing Ship |
| 23:45 | Queue | Villager (Male) |
| 23:47 | Queue | Villager (Male) |
| 23:49 | Build | Farm |
| 23:51 | Build | Farm |
| 23:52 | Build | Farm |
| 23:53 | Build | Farm |
| 23:55 | Build | Farm |
| 23:57 | Build | Farm |
| 23:57 | Queue | Villager (Male) |
| 23:58 | Queue | Villager (Male) |
| 23:58 | Queue | Villager (Male) |
| 23:58 | Queue | Villager (Male) |
| 23:58 | Queue | Villager (Male) |
| 24:13 | Queue | Conquistador ×2 |
| 24:14 | Queue | Conquistador |
| 24:17 | Build | Lumber Camp |
| 24:19 | Build | Lumber Camp |
| 24:49 | Queue | Villager (Male) |
| 24:50 | Queue | Villager (Male) |
| 24:51 | Queue | Villager (Male) |
| 24:51 | Queue | Villager (Male) |
| 24:56 | Queue | Villager (Male) |
| 24:58 | Queue | Villager (Male) |
| 25:00 | Build | Farm |
| 25:01 | Build | Farm |
| 25:02 | Build | Farm |
| 25:14 | Queue | Villager (Male) |
| 25:17 | Research | Gillnets |
| 25:17 | Research | Gillnets |
| 25:30 | Queue | Villager (Male) |
Build order — 钢铁兽
First 150 of 206 actions detected
| 0:15 | Build | Town Center |
| 2:39 | Queue | Villager (Male) ×4 |
| 2:39 | Queue | Villager (Male) ×4 |
| 2:40 | Queue | Villager (Male) ×4 |
| 3:30 | Research | Loom |
| 3:30 | Research | Loom |
| 3:41 | Build | Dock |
| 4:39 | Queue | Fishing Ship |
| 4:39 | Queue | Fishing Ship |
| 4:49 | Queue | Villager (Male) |
| 4:49 | Queue | Villager (Male) |
| 5:17 | Queue | Villager (Male) |
| 5:17 | Queue | Villager (Male) |
| 5:46 | Queue | Villager (Male) |
| 5:49 | Queue | Fishing Ship |
| 5:50 | Queue | Fishing Ship |
| 6:11 | Queue | Villager (Male) |
| 6:11 | Queue | Villager (Male) |
| 6:34 | Queue | Villager (Male) |
| 6:34 | Queue | Villager (Male) |
| 6:42 | Queue | Fishing Ship |
| 6:42 | Queue | Fishing Ship |
| 7:04 | Queue | Villager (Male) |
| 7:05 | Queue | Villager (Male) |
| 7:10 | Queue | Fishing Ship |
| 7:11 | Queue | Fishing Ship |
| 7:28 | Queue | Villager (Male) |
| 7:48 | Queue | Villager (Male) |
| 7:58 | Queue | Fishing Ship |
| 7:58 | Queue | Fishing Ship |
| 8:10 | Queue | Villager (Male) |
| 8:10 | Queue | Villager (Male) |
| 8:10 | Queue | Villager (Male) |
| 8:22 | Queue | Fishing Ship |
| 8:23 | Queue | Villager (Male) |
| 8:23 | Queue | Villager (Male) |
| 8:42 | Queue | Villager (Male) |
| 8:42 | Queue | Villager (Male) |
| 9:08 | Build | Dock |
| 9:16 | Queue | Villager (Male) |
| 9:16 | Queue | Villager (Male) ×2 |
| 9:16 | Queue | Villager (Male) ×2 |
| 9:16 | Queue | Villager (Male) |
| 9:20 | Queue | Fishing Ship |
| 9:20 | Queue | Fishing Ship |
| 9:20 | Queue | Fishing Ship |
| 9:30 | Queue | Villager (Male) |
| 9:30 | Queue | Villager (Male) |
| 9:43 | Queue | Villager (Male) |
| 9:43 | Queue | Villager (Male) |
| 9:45 | Queue | Fishing Ship |
| 9:45 | Queue | Fishing Ship |
| 9:51 | Queue | Fishing Ship |
| 9:51 | Queue | Fishing Ship |
| 10:01 | Queue | Villager (Male) |
| 10:01 | Queue | Villager (Male) |
| 10:01 | Queue | Villager (Male) |
| 10:08 | Queue | Villager (Male) |
| 10:08 | Queue | Villager (Male) |
| 10:13 | Queue | Fishing Ship |
| 10:14 | Queue | Fishing Ship |
| 10:34 | Queue | Villager (Male) ×3 |
| 10:34 | Queue | Villager (Male) ×3 |
| 10:36 | Build | Mining Camp |
| 10:58 | Queue | Villager (Male) |
| 10:59 | Queue | Villager (Male) |
| 11:01 | Build | Lumber Camp |
| 11:16 | Research | Feudal Age |
| 11:17 | Research | Feudal Age |
| 11:33 | Queue | Fishing Ship |
| 11:34 | Queue | Fishing Ship |
| 12:14 | Build | Barracks |
| 13:19 | Queue | Villager (Male) |
| 13:19 | Queue | Villager (Male) |
| 13:26 | Age | Feudal Age |
| 13:32 | Build | Stable |
| 13:40 | Build | Blacksmith |
| 14:12 | Research | Double-Bit Axe |
| 14:26 | Research | Castle Age |
| 14:26 | Research | Castle Age |
| 14:26 | Research | Castle Age |
| 14:29 | Queue | Scout Cavalry |
| 14:40 | Research | Gold Mining |
| 14:41 | Research | Gold Mining |
| 14:49 | Queue | Unit 2626 |
| 14:49 | Queue | Unit 2626 |
| 14:55 | Queue | Scout Cavalry |
| 14:56 | Queue | Scout Cavalry |
| 15:38 | Queue | Unit 2626 |
| 15:38 | Queue | Unit 2626 |
| 15:38 | Queue | Unit 2626 |
| 15:46 | Queue | Scout Cavalry |
| 15:46 | Queue | Scout Cavalry |
| 15:46 | Queue | Scout Cavalry |
| 16:13 | Queue | Scout Cavalry |
| 16:30 | Build | Dock |
| 16:35 | Queue | Unit 2626 |
| 16:38 | Queue | Scout Cavalry |
| 16:45 | Research | Town Watch |
| 16:45 | Research | Town Watch |
| 17:06 | Age | Castle Age |
| 17:18 | Build | Town Center |
| 17:22 | Queue | Villager (Male) |
| 17:33 | Research | Light Cavalry (upgrade) |
| 17:33 | Research | Light Cavalry (upgrade) |
| 17:33 | Queue | Villager (Male) |
| 17:40 | Queue | Villager (Male) |
| 17:57 | Queue | Villager (Male) |
| 17:57 | Queue | Villager (Male) |
| 18:07 | Build | Mill |
| 18:28 | Queue | Villager (Male) |
| 18:28 | Queue | Villager (Male) |
| 18:34 | Build | Archery Range |
| 18:40 | Queue | Villager (Male) |
| 18:40 | Queue | Villager (Male) ×2 |
| 18:40 | Queue | Villager (Male) |
| 18:54 | Queue | Villager (Male) |
| 18:54 | Queue | Villager (Male) |
| 19:08 | Research | Fletching |
| 19:09 | Research | Fletching |
| 19:13 | Build | Archery Range |
| 19:21 | Queue | Villager (Male) |
| 19:21 | Queue | Villager (Male) |
| 19:56 | Queue | Knight |
| 20:01 | Research | Bodkin Arrow |
| 20:18 | Queue | Villager (Male) |
| 20:24 | Queue | Villager (Male) |
| 20:24 | Queue | Villager (Male) |
| 20:33 | Queue | Villager (Male) |
| 20:39 | Queue | Cavalry Archer |
| 20:41 | Queue | Villager (Male) |
| 20:45 | Queue | Villager (Male) |
| 20:49 | Queue | Cavalry Archer |
| 21:02 | Queue | Cavalry Archer |
| 21:03 | Queue | Villager (Male) |
| 21:03 | Queue | Villager (Male) |
| 21:06 | Build | University |
| 21:14 | Queue | Villager (Male) |
| 21:22 | Queue | Villager (Male) |
| 21:22 | Queue | Villager (Male) |
| 21:35 | Queue | Villager (Male) ×2 |
| 21:45 | Research | Husbandry |
| 21:45 | Research | Husbandry |
| 21:48 | Queue | Cavalry Archer |
| 21:49 | Queue | Cavalry Archer |
| 22:12 | Research | Ballistics |
| 22:12 | Research | Ballistics |
| 22:15 | Build | Palisade Wall |
| 22:16 | Build | Palisade Gate |
| 22:23 | Queue | Villager (Male) ×2 |
Build order — Tuco Parmera
140 actions detected in the replay
| 0:30 | Build | Town Center |
| 0:41 | Build | Dock |
| 2:42 | Queue | Villager (Male) |
| 2:43 | Queue | Villager (Male) |
| 2:50 | Queue | Villager (Male) |
| 2:50 | Queue | Villager (Male) |
| 2:50 | Queue | Villager (Male) |
| 3:25 | Queue | Fishing Ship |
| 3:28 | Queue | Villager (Male) |
| 4:09 | Build | House |
| 4:18 | Queue | Villager (Male) |
| 4:57 | Queue | Villager (Male) |
| 5:09 | Queue | Villager (Male) |
| 5:23 | Queue | Fishing Ship |
| 5:43 | Queue | Villager (Male) |
| 5:43 | Queue | Villager (Male) |
| 5:48 | Build | House |
| 6:03 | Queue | Villager (Male) |
| 6:30 | Queue | Villager (Male) |
| 6:44 | Queue | Villager (Male) |
| 6:45 | Queue | Villager (Male) |
| 6:56 | Build | Palisade Gate |
| 7:03 | Queue | Villager (Male) |
| 7:04 | Queue | Villager (Male) |
| 7:10 | Queue | Fishing Ship |
| 7:18 | Build | House |
| 7:26 | Queue | Villager (Male) |
| 7:26 | Queue | Villager (Male) |
| 7:28 | Build | House |
| 7:45 | Queue | Villager (Male) |
| 7:52 | Build | House |
| 8:07 | Queue | Fishing Ship |
| 8:07 | Queue | Fishing Ship |
| 8:33 | Research | Loom |
| 8:34 | Queue | Villager (Male) |
| 8:37 | Queue | Fishing Ship |
| 9:00 | Queue | Villager (Male) |
| 9:08 | Queue | Villager (Male) |
| 9:17 | Queue | Fishing Ship |
| 9:17 | Queue | Fishing Ship |
| 9:41 | Queue | Villager (Male) |
| 9:49 | Build | House |
| 10:10 | Queue | Villager (Male) |
| 10:26 | Build | Mining Camp |
| 10:43 | Build | House |
| 10:56 | Research | Feudal Age |
| 11:20 | Build | Mining Camp |
| 11:26 | Build | Mill |
| 11:37 | Queue | Villager (Male) |
| 11:56 | Build | House |
| 12:06 | Build | Mining Camp |
| 12:35 | Queue | Villager (Male) |
| 13:06 | Age | Feudal Age |
| 13:17 | Queue | Villager (Male) |
| 13:21 | Build | Market |
| 13:48 | Queue | Villager (Male) |
| 14:19 | Build | Blacksmith |
| 14:34 | Research | Town Watch |
| 14:49 | Build | Palisade Gate |
| 14:56 | Research | Castle Age |
| 15:03 | Build | Outpost |
| 15:35 | Queue | Villager (Male) |
| 15:41 | Build | Outpost |
| 15:44 | Build | Outpost |
| 16:03 | Research | Fletching |
| 16:04 | Queue | Villager (Male) |
| 16:18 | Build | Lumber Camp |
| 16:34 | Build | Outpost |
| 16:37 | Build | Palisade Wall |
| 16:38 | Build | Palisade Wall |
| 16:39 | Build | Palisade Wall |
| 16:46 | Build | House |
| 16:51 | Research | Double-Bit Axe |
| 16:51 | Queue | Villager (Male) |
| 17:22 | Build | Palisade Gate |
| 17:25 | Build | Outpost |
| 17:34 | Build | Palisade Wall |
| 17:39 | Age | Castle Age |
| 17:41 | Queue | Villager (Male) |
| 18:03 | Queue | Villager (Male) |
| 18:13 | Queue | Villager (Male) |
| 18:15 | Build | Castle |
| 18:50 | Build | Lumber Camp |
| 18:56 | Queue | Villager (Male) |
| 19:03 | Queue | Villager (Male) |
| 19:15 | Queue | Villager (Male) |
| 19:31 | Queue | Rattan Archer |
| 19:31 | Queue | Rattan Archer |
| 19:32 | Queue | Rattan Archer |
| 19:39 | Queue | Villager (Male) |
| 19:46 | Queue | Villager (Male) |
| 19:57 | Queue | Rattan Archer |
| 19:57 | Queue | Rattan Archer |
| 20:11 | Queue | Rattan Archer |
| 20:18 | Build | House |
| 20:24 | Queue | Rattan Archer |
| 20:44 | Build | Palisade Gate |
| 20:45 | Build | House |
| 20:47 | Build | House |
| 20:51 | Queue | Rattan Archer |
| 20:51 | Queue | Villager (Male) |
| 21:26 | Queue | Villager (Male) |
| 21:41 | Queue | Rattan Archer |
| 21:41 | Queue | Rattan Archer |
| 21:43 | Build | Town Center |
| 21:53 | Queue | Villager (Male) |
| 22:42 | Queue | Villager (Male) |
| 22:57 | Queue | Villager (Male) |
| 23:41 | Queue | Villager (Male) |
| 23:41 | Queue | Villager (Male) |
| 23:41 | Queue | Villager (Male) |
| 24:02 | Queue | Villager (Male) |
| 24:02 | Queue | Villager (Male) |
| 24:04 | Queue | Rattan Archer |
| 24:15 | Build | Town Center |
| 24:47 | Queue | Villager (Male) |
| 24:47 | Queue | Villager (Male) |
| 24:48 | Queue | Villager (Male) |
| 24:54 | Queue | Villager (Male) |
| 24:55 | Queue | Villager (Male) |
| 24:59 | Research | Bow Saw |
| 24:59 | Research | Bow Saw |
| 25:25 | Build | Watch Tower |
| 25:30 | Build | Watch Tower |
| 25:33 | Queue | Villager (Male) |
| 25:42 | Build | House |
| 26:13 | Build | Mill |
| 26:25 | Queue | Villager (Male) |
| 26:27 | Queue | Villager (Male) |
| 26:27 | Queue | Villager (Male) |
| 26:31 | Build | Farm |
| 26:32 | Build | Farm |
| 26:32 | Build | Farm |
| 26:32 | Build | Farm |
| 26:33 | Build | Farm |
| 26:36 | Build | Farm |
| 26:36 | Build | Farm |
| 26:36 | Build | Farm |
| 26:37 | Build | Farm |
| 26:42 | Queue | Villager (Male) |
Match timeline
| 0:10 | Sace · first_building Dock |
| 0:14 | Shadow_BR · first_building Dock |
| 0:37 | Fs.mano do age · first_building Dock |
| 0:41 | Tuco Parmera · first_building Dock |
| 1:22 | MrLaoLiu · first_building Dock |
| 1:23 | Dakar1 · first_building Dock |
| 1:44 | |Thepejezombie · resign |
| 2:50 | Dakar1 · wall_segment Palisade Wall x1 |
| 2:51 | Dakar1 · wall_segment Palisade Wall x1 |
| 3:00 | Dakar1 · wall_segment Palisade Wall x1 |
| 3:02 | Dakar1 · wall_segment Palisade Wall x1 |
| 3:41 | 钢铁兽 · first_building Dock |
| 8:29 | MrLaoLiu · wall_segment Palisade Wall x1 |
| 8:42 | Shadow_BR · wall_segment Palisade Wall x1 |
| 8:47 | MrLaoLiu · wall_segment Palisade Wall x1 |
| 8:49 | MrLaoLiu · wall_segment Palisade Wall x1 |
| 10:16 | Dakar1 · wall_segment Palisade Wall x1 |
| 12:14 | 钢铁兽 · first_building Barracks |
| 12:34 | Fs.mano do age · age_up feudal |
| 12:57 | Shadow_BR · age_up feudal |
| 13:01 | Sace · age_up feudal |
| 13:06 | Tuco Parmera · age_up feudal |
| 13:26 | 钢铁兽 · age_up feudal |
| 13:32 | 钢铁兽 · first_building Stable |
| 13:41 | Dakar1 · age_up feudal |
| 14:04 | MrLaoLiu · age_up feudal |
| 14:39 | Dakar1 · first_market_sell 100 food |
| 14:42 | Shadow_BR · wall_segment Stone Wall x1 |
| 15:05 | Shadow_BR · wall_segment Stone Wall x1 |
| 15:31 | Shadow_BR · wall_segment Stone Wall x9 |
| 16:07 | Fs.mano do age · age_up castle |
| 16:15 | Fs.mano do age · first_building Castle |
| 16:37 | Tuco Parmera · wall_segment Palisade Wall x1 |
| 16:38 | Tuco Parmera · wall_segment Palisade Wall x1 |
| 16:39 | Tuco Parmera · wall_segment Palisade Wall x1 |
| 16:41 | Sace · first_market_sell 100 wood |
| 16:44 | Sace · first_market_buy 100 food |
| 16:45 | MrLaoLiu · wall_segment Palisade Wall x1 |
| 16:47 | MrLaoLiu · wall_segment Palisade Wall x1 |
| 16:50 | MrLaoLiu · wall_segment Palisade Wall x1 |
| 16:57 | MrLaoLiu · wall_segment Palisade Wall x1 |
| 17:06 | 钢铁兽 · age_up castle |
| 17:15 | MrLaoLiu · wall_segment Palisade Wall x1 |
| 17:17 | Shadow_BR · age_up castle |
| 17:19 | MrLaoLiu · wall_segment Palisade Wall x1 |
| 17:20 | Dakar1 · age_up castle |
| 17:26 | Dakar1 · first_building Castle |
| 17:34 | Tuco Parmera · wall_segment Palisade Wall x1 |
| 17:34 | MrLaoLiu · age_up castle |
| 17:39 | Tuco Parmera · age_up castle |
| 17:43 | Sace · wall_segment Palisade Wall x1 |
| 18:10 | Tuco Parmera · first_market_sell 100 food |
| 18:12 | Tuco Parmera · first_market_buy 100 stone |
| 18:15 | Tuco Parmera · first_building Castle |
| 18:22 | MrLaoLiu · first_building Castle |
| 18:34 | 钢铁兽 · first_building Archery Range |
| 18:39 | Shadow_BR · first_building Castle |
| 19:32 | Sace · age_up castle |
| 20:09 | MrLaoLiu · first_market_buy 100 wood |
| 20:59 | MrLaoLiu · first_market_sell 100 wood |
| 21:34 | Fs.mano do age · first_market_buy 100 food |
| 22:15 | 钢铁兽 · wall_segment Palisade Wall x4 |
| 22:24 | Sace · wall_segment Palisade Wall x2 |
| 22:34 | Fs.mano do age · first_building Barracks |
| 23:15 | MrLaoLiu · first_building Siege Workshop |
| 23:28 | Fs.mano do age · first_building Stable |
| 25:29 | Sace · wall_segment Stone Wall x8 |
| 25:30 | Dakar1 · first_building Barracks |
| 25:33 | Sace · wall_segment Stone Wall x5 |
[ AI ANALYSIS · 1 CREDIT ]
What really happened in this match?
Wolo.gg analyzes every decision: build order, eco, micro, common mistakes by bracket. Personalized analysis on WhatsApp or Discord in 30 seconds.
Civ guide
Malians
Perfil
Fs.mano do age